 Dungeon Crawl Stone Soup version 0.27.1 (webtiles) character file.

Game seed: 1565391093937092482

776121 DearestLeader the Invulnerable (level 27, -7/409 HPs)
             Began as a Minotaur Berserker on Sept 2, 2021.
             Was the Champion of Trog.
             Succumbed to poison (dark miasma)
             ... in Pandemonium on Sept 3, 2021.
             The game lasted 03:22:11 (81122 turns).

DearestLeader the Invulnerable (MiBe)              Turns: 81122, Time: 03:22:12

Health: -7/409     AC: 50    Str: 33      XL:     27
Magic:  3/19       EV: 25    Int:  4 (5)  God:    Trog [******]
Gold:   7616       SH: 10    Dex: 14      Spells: 26/26 levels left

rFire    + + .     SeeInvis .   S - +9 eudemon blade (holy)
rCold    + . .     Faith    .   z - +2 buckler {AC+3}
rNeg     + . .     Spirit   +   l - +15 plate armour of Feasting {Contam rPois rCorr Dex+3}
rPois    +         Reflect  .   (helmet restricted)
rElec    .         Harm     .   M - +2 cloak {rCorr}
rCorr    +         Rampage  .   b - +0 pair of gloves
Will     ++...                  v - +2 pair of boots
Stlth    ..........             x - amulet of Bigeicw {Spirit rF+ rC+ Str+2}
HPRegen  0.78/turn              w - ring of positive energy
MPRegen  0.16/turn              P - ring "Gunauguq" {rF+ EV+4 Slay+4 Stlth+}

@: berserking (expiring), lethally poisoned (-7 -> -72), slowed, studying
Polearms
A: horns 2, retaliatory headbutt, claws 1, clumsy 1, deterioration 2, low mp 1,
screaming 1, wild magic 2, MP-powered wands, sturdy frame 1
}: 5/15 runes: decaying, silver, abyssal, dark, gossamer
a: Renounce Religion, Berserk, Trog's Hand, Brothers in Arms


You were in Pandemonium.
You worshipped Trog.
Trog was exalted by your worship.
You visited 10 branches of the dungeon, and saw 48 of its levels.
You visited Pandemonium 1 time, and saw 4 of its levels.
You visited the Abyss 3 times.
You also visited: Sewer, Gauntlet and Volcano.

You collected 10152 gold pieces.
You spent 2536 gold pieces at shops.

Inventory:

Hand Weapons
 J - a +4 antimagic executioner's axe
 S - a +9 eudemon blade of holy wrath (weapon)
 Y - the +7 broad axe of Immorality {elec, rElec rN+ Str+6 Int-3}
   (You bought it in a shop on level 2 of the Orcish Mines)

   It occasionally discharges a powerful burst of electricity upon striking a
   foe.
   Str:       It affects your strength (+6).
   Int:       It affects your intelligence (-3).
   rElec:     It insulates you from electricity.
   rN:        It protects you from negative energy.
Missiles
 d - 575 sling bullets
 N - 13 silver javelins (quivered)
 Q - 3 throwing nets
Armour
 b - a +0 pair of gloves (worn)
 g - +5 gold dragon scales
 l - the +15 plate armour of Feasting (worn) {Contam rPois rCorr Dex+3}
   (You found it on level 2 of the Abyss)

   Dex:       It affects your dexterity (+3).
   rPois:     It protects you from poison.
   Contam:    It causes magical contamination when unequipped.
   rCorr:     It protects you from acid and corrosion.
 v - a +2 pair of boots (worn)
 z - a +2 buckler of protection (worn)
 M - a +2 cloak of preservation (worn)
 V - a +0 pair of boots of stealth
Jewellery
 h - the ring of the Messenger {rF+ Str-2 Dex+3 SInv Stlth+}
   (You took it off a yaktaur captain on level 5 of the Vaults)

   [ring of see invisible]

   Str:       It affects your strength (-2).
   Dex:       It affects your dexterity (+3).
   rF:        It protects you from fire.
   SInv:      It lets you see invisible.
   Stlth:     It makes you more stealthy.
 t - a ring of magical power
 w - a ring of positive energy (left hand)
 x - the amulet of Bigeicw (around neck) {Spirit rF+ rC+ Str+2}
   (You found it on level 4 of the Depths)

   [amulet of guardian spirit]

   It causes incoming damage to be divided between your reserves of health and
   magic.
   Str:       It affects your strength (+2).
   rF:        It protects you from fire.
   rC:        It protects you from cold.
 A - the ring "Ahine" {Str+6 Dex+2 Stlth+}
   (You found it on level 1 of the Crypt)

   [ring of strength]

   Str:       It affects your strength (+6).
   Dex:       It affects your dexterity (+2).
   Stlth:     It makes you more stealthy.
 B - a ring of flight
 P - the ring "Gunauguq" (right hand) {rF+ EV+4 Slay+4 Stlth+}
   (You took it off a spriggan air mage on level 2 of the Depths)

   [ring of evasion]

   EV:        It affects your evasion (+4).
   Slay:      It affects your accuracy & damage with ranged weapons and melee
   (+4).
   rF:        It protects you from fire.
   Stlth:     It makes you more stealthy.
 R - a ring of protection from cold
Wands
 a - a wand of acid (58)
 m - a wand of flame (62)
 n - a wand of digging (24)
 u - a wand of iceblast (54)
 G - a wand of polymorph (63)
 I - a wand of mindburst (73)
 L - a wand of paralysis (52)
 X - a wand of charming (33)
Scrolls
 j - 8 scrolls of blinking
 k - 25 scrolls of teleportation
 q - 2 scrolls of silence
 r - 6 scrolls of fear
 y - 6 scrolls of magic mapping
 C - 3 scrolls of enchant weapon
 D - 7 scrolls of fog
 H - 4 scrolls of summoning
 K - 4 scrolls of holy word
Potions
 c - 7 potions of invisibility
 e - 3 potions of resistance
 f - 4 potions of cancellation
 i - 27 potions of curing
 o - a potion of berserk rage
 p - 7 potions of heal wounds
 s - 3 potions of flight
 E - 9 potions of magic
 F - 9 potions of might
 U - 10 potions of haste
 W - 4 potions of mutation
 Z - 6 potions of ambrosia
Miscellaneous
 O - a phantom mirror
 T - a piece from Xom's chessboard (15/15)


   Skills:
 O Level 27 Fighting
 * Level 21.7 Long Blades
 - Level 26.0 Axes
 O Level 27 Armour
 + Level 24.8 Dodging
 + Level 11.8 Stealth
 - Level 15.0 Shields
 - Level 13.7 Evocations


You had 26 spell levels left.
You didn't know any spells.
Your spell library was empty.

Dungeon Overview and Level Annotations

Branches:
Dungeon (15/15)            Temple (0/1) D:5            Lair (6/6) D:9
  Swamp (4/4) Lair:4       Spider (4/4) Lair:4        Slime (1/5) Lair:5
    Orc (2/2) D:12            Elf (3/3) Orc:2        Vaults (5/5) D:13
  Crypt (3/3) Vaults:2       Tomb (0/3) Crypt:3      Depths (5/5) D:15
    Zot (0/5) Depths:5      Sewer (visited)         Volcano (visited)
Gauntlet (visited)

Altars:
Cheibriados
Fedhas
Hepliaklqana
Kikubaaqudgha
Qazlal
Uskayaw
Vehumet
Xom
Yredelemnul
Lugonu

Shops:
D:2 =   D:11 [**   D:12 !   Orc:1 !**   Orc:2 (*!*   Elf:1 *   Elf:2 ?
Vaults:1 *   Vaults:2 !   Vaults:4 (   Depths:5 !

Portals:
Hell: Depths:1 Depths:2 Depths:3 Depths:4 Depths:5
Abyss: Lair:6 Depths:1 Depths:3 Depths:4
Pandemonium: Depths:2 Depths:3 Depths:5
Ziggurat: Depths:2
Trove: Depths:2 (give 2 scrolls of acquirement)

Annotations:
D:2 AMULET!!! 600 Gold
Depths:2 1 runed translucent door, exclusion: lich


Innate Abilities, Weirdness & Mutations

You have a pair of horns on your head.
You reflexively headbutt those who attack you in melee.
You have sharp fingernails.
You are clumsy. (Dex -2)
Your body often deteriorates upon taking damage.
Your magical capacity is low. (-10% MP)
You occasionally shout uncontrollably at your foes.
Your spells are harder to cast, but more powerful.
You expend magic power (3 MP) to strengthen your wands.
Your movements are slightly less encumbered by armour. (ER -2)


Message History

You feel extremely sick.
The Executioner gestures.
The Executioner seems to speed up.
Gloorx Vloq hits you!
* * * LOW HITPOINT WARNING * * *
You block the Executioner's attack. The Executioner closely misses you.
The Executioner completely misses you. The Executioner hits you!!
* * * LOW HITPOINT WARNING * * *
You block the Executioner's attack. The Executioner completely misses you.
You slice Gloorx Vloq!!
Gloorx Vloq convulses!!
Gloorx Vloq is almost dead.
You are engulfed in dark miasma.
* * * LOW HITPOINT WARNING * * *
x2 You feel extremely sick.
The Executioner disappears in a puff of smoke!
You block Gloorx Vloq's attack.
The Executioner gestures.
The Executioner seems to speed up.
Something hits you but does no damage.
The Executioner hits you but does no damage.
The Executioner closely misses you. The Executioner barely misses you.
The Executioner gestures.
The Executioner seems to speed up.
Unknown command.
You slash Gloorx Vloq!
Gloorx Vloq convulses!!
You kill Gloorx Vloq!
Trog accepts your kill.
The Executioner disappears in a puff of smoke! x3
You are engulfed in dark miasma.
You are lethally poisoned!
* * * LOW HITPOINT WARNING * * *
x2 You feel extremely sick.
You block something's attack.
You feel your dexterity returning.
You are engulfed in dark miasma.
You are more poisoned.
You feel as though you will be slow longer.
* * * LOW HITPOINT WARNING * * *
x2 You feel extremely sick.
Something hits you but does no damage.
You hit something but do no damage.
You die...

...###.###...11zZV#..#
...#.....#....1....#.#
####'###'#######.....#
#.....# #...#.#
#.....# #..#..#
#.....# #.....#
##.....## #..#..#
#.......# #...#.#
#.......# #@{...#
#.......# #...#.#
##.......## #..#..#
#.........# #.....#
#.........# #..#..#
##.........## #...#.#
#.........[.# #.....#
#...........## #...#.#
.............###..#..#


There were no monsters in sight!

Vanquished Creatures
  Gloorx Vloq (Pan)
  Mennas (Vaults:2)
  4 dread liches
  Mara (Depths:1)
  2 ancient liches (Vaults:5)
  A juggernaut (Depths:2)
  Sojobo (Crypt:3)
  The ghost of Zuynaoq the Slayer, a veteran MiFi of Trog (Depths:5)
  The ghost of royokou the Executioner, a veteran MiFi of Makhleb (Vaults:1)
  The ghost of Dameikh the Hoplite, a veteran FoFi of Nemelex Xobeh (Depths:5)
  Boris (twice) (Depths:5 Crypt:3)
  Margery (Crypt:3)
  7 caustic shrikes
  The ghost of Lukheov the Peltast, a veteran DrWn of Okawaru (Vaults:4)
  The ghost of Ocayps the Spry, a veteran OpBe of Trog (Depths:2)
  A profane servitor (Crypt:3)
  3 pandemonium lords (Pan)
  4 golden dragons
  Nikola (Vaults:3)
  Jory (Vaults:4)
  3 bone dragons
  Arachne (Spider:4)
  An iron giant (Depths:5)
  A Tzitzimitl (Pan)
  A hellephant (Crypt:1)
  4 Brimstone Fiends (Pan)
  The ghost of Xutext the Spry, an adept DsAK of Lugonu (Depths:5)
  8 Hell Sentinels (Pan)
  A shard shrike zombie (Crypt:2)
  Jorgrun (D:12)
  8 liches
  6 tentacled monstrosities
  3 quicksilver dragons
  7 titans
  An acid blob (Slime:1)
  2 deep elf master archers (Elf:3)
  2 deep elf blademasters (Elf:3)
  6 sphinxes
  17 Executioners
  3 ancient champions (Crypt:3)
  6 tentacled starspawn
  Kirke (Spider:2)
  A shadow dragon (Vaults:5)
  4 thorn hunters
  8 storm dragons
  Roxanne (Spider:4)
  10 tengu reavers
  2 revenants
  A draconian scorcher (Depths:5)
  A fenstrider witch (Swamp:3)
  The ghost of Amplified the Warrior, a journeyman PaSu of Kikubaaqudgha (Elf:1)
  17 fire giants
  7 corrupters (Pan)
  6 blood saints (Pan)
  9 ghost moths
  4 cacodemons (Pan)
  13 vault wardens
  2 deep elf sorcerers
  10 emperor scorpions
  Aizul (Elf:3)
  16 frost giants
  An orc warlord (Vaults:3)
  9 balrugs
  4 iron dragons
  2 draconian shifters
  Louise (Elf:3)
  3 ghouls
  An emperor scorpion (shapeshifter) (Vaults:5)
  3 spriggan defenders
  4 deep elf elementalists (Elf:3)
  An angel (Abyss:4)
  A quicksilver ooze (shapeshifter) (Depths:2)
  A draconian stormcaller (Depths:5)
  A quicksilver ooze (Slime:1)
  8 curse skulls
  31 very ugly things
  10 ironbound preservers
  5 war gargoyles
  42 stone giants
  A green draconian (Depths:5)
  7 deep elf demonologists
  2 reapers
  7 vampire knights
  A purple draconian (Depths:5)
  3 bunyips
  2 dire elephants (Vaults:4)
  A black draconian (Depths:5)
  2 red draconians
  4 entropy weavers
  10 black suns (Pan)
  13 lorocyprocas
  7 deep elf annihilators
  A minotaur (Gauntlet)
  A spark wasp (shapeshifter) (Lair:6)
  Azrael (D:13)
  4 crystal guardians
  6 eidola
  6 eleionomae
  19 spark wasps
  A spectral golden dragon (Vaults:4)
  7 deep elf death magi
  A spectral quicksilver dragon (Crypt:3)
  6 green deaths (Pan)
  13 fire dragons
  12 blizzard demons (Pan)
  15 jiangshi
  23 ettins
  Josephine (D:15)
  3 quicksilver dragon zombies (Crypt:1)
  15 yaktaur captains
  A merfolk impaler (Depths:5)
  25 vault guards
  Harold (Lair:2)
  2 great orbs of eyes (shapeshifter) (Abyss:3)
  9 deep elf high priests
  5 ironbound thunderhulks
  8 great orbs of eyes
  Fannar (Orc:1)
  12 monstrous demonspawn (Pan)
  32 hydras
  Erolcha (D:9)
  3 peacekeepers
  12 ice dragons
  14 spriggan air magi
  9 rakshasas
  2 hell beasts
  3 catoblepae
  5 ogre magi
  8 boulder beetles
  14 ironbound frosthearts
  5 centaur warriors
  7 death knights
  22 two-headed ogres
  23 dancing weapons
  A spectral stone giant (Vaults:4)
  6 tengu warriors
  Urug (D:13)
  8 alligators
  4 vampire magi
  12 deep troll shamans
  13 deep troll earth magi
  10 spriggan berserkers
  21 thrashing horrors
  5 orc high priests
  3 ironbound beastmasters
  3 hell hogs
  24 sun demons
  A death yak (shapeshifter) (Vaults:5)
  28 soul eaters
  Sonja (Orc:1)
  18 deep elf knights
  Nergalle (Lair:2)
  8 iron trolls
  A titan skeleton (Abyss:3)
  10 sixfirhies
  27 hell knights
  14 shadow wraiths
  A spatial maelstrom (Abyss:3)
  13 wretched stars
  A fire crab (shapeshifter) (Lair:6)
  31 skeletal warriors
  2 fire crabs
  A storm dragon skeleton (Pan)
  A spectral yaktaur (Vaults:4)
  10 glowing orange brains
  A sea snake (shapeshifter) (Abyss:3)
  3 spriggan druids
  8 torturous demonspawn (Pan)
  44 deep trolls
  4 goliath frogs
  A spectral iron dragon (Vaults:4)
  An anaconda zombie (Abyss:3)
  7 infernal demonspawn (Pan)
  2 lindwurms (Vaults:2)
  9 gelid demonspawn (Pan)
  7 flayed ghosts
  A golden dragon skeleton (Pan)
  9 swamp dragons
  14 bog bodies
  11 ironbound convokers
  15 wizards
  Pikel (D:9)
  10 shadow demons (Pan)
  A lindwurm (shapeshifter) (Depths:2)
  10 deep elf archers
  21 deep elf zephyrmancers
  30 wolf spiders
  29 deep elf pyromancers
  17 orb spiders
  15 orc knights
  4 oklob plants
  12 necromancers
  48 large abominations
  A human zombie (Vaults:4)
  7 phantasmal warriors
  3 shadow dragon skeletons (Pan)
  A fire giant zombie (Depths:2)
  60 ugly things
  A stone giant zombie (Vaults:4)
  8 orc sorcerers
  A shining eye (Slime:1)
  2 manticores
  4 will-o-the-wisps
  3 worldbinders
  14 harpies
  6 cyclopes
  4 moths of wrath
  A salamander (D:15)
  A moth of wrath (shapeshifter) (D:15)
  A guardian serpent (Abyss:3)
  An iron dragon skeleton (Pan)
  A spectral ettin (Vaults:4)
  Maurice (D:9)
  18 vault sentinels
  A stone giant skeleton (Pan)
  6 black mambas
  3 fire giant skeletons
  3 rust devils
  3 apocalypse crabs
  18 elephants
  An alligator snapping turtle zombie (Crypt:1)
  An eye of devastation (shapeshifter) (Depths:3)
  3 titan simulacra
  2 guardian serpents (shapeshifter) (Abyss:3)
  19 smoke demons
  15 cane toads
  A cane toad (shapeshifter) (Abyss:2)
  2 molten gargoyles (Volcano)
  3 centaur skeletons
  7 hellions
  9 orange demons
  10 yaktaurs
  4 rime drakes
  11 unseen horrors
  An unseen horror (shapeshifter) (Abyss:4)
  38 demonic crawlers
  3 efreet
  11 freezing wraiths
  8 komodo dragons
  3 tengu conjurers
  14 tormentors
  A white draconian skeleton (Crypt:2)
  4 hellwings
  7 ancient zymes
  8 red devils (Pan)
  An anaconda simulacrum (Crypt:3)
  A pale draconian skeleton (Crypt:1)
  A queen bee (shapeshifter) (D:13)
  9 tyrant leeches
  4 polar bears
  A tengu simulacrum (Depths:2)
  5 trolls
  36 jumping spiders
  A troll (shapeshifter) (D:14)
  22 hornets
  27 raiju
  2 spectral humans (Vaults:4)
  24 blink frogs
  A fire dragon zombie (Crypt:1)
  A raiju (shapeshifter) (Lair:6)
  5 dream sheep (Lair:6)
  49 slime creatures
  3 hydra skeletons
  A meliai zombie (D:10)
  72 redbacks
  19 spriggans
  Sigmund (D:5)
  4 air elementals
  10 water elementals
  50 flying skulls (Crypt:3)
  6 shadows
  A tarantella (shapeshifter) (Lair:6)
  A redback (shapeshifter) (Abyss:3)
  An alligator skeleton (Crypt:1)
  119 yaks
  2 ice dragon skeletons
  35 tarantellas
  A black mamba zombie (Crypt:1)
  3 ettin skeletons
  33 ynoxinuls
  15 wraiths
  13 fire bats
  9 fire elementals
  5 wyverns
  5 hogs (Spider:2)
  A yak (shapeshifter) (Vaults:5)
  3 basilisks (Lair:6)
  17 chaos spawn
  Eustachio (D:5)
  2 elf simulacra (Vaults:4)
  6 golden eyes (Pan)
  16 neqoxecs
  2 steam dragons
  16 vampire mosquitoes
  11 swamp worms
  10 wargs
  A hell hound (D:13)
  3 acid dragons
  3 human skeletons
  A floating eye (Depths:4)
  An orb spider zombie (Crypt:1)
  10 water moccasins
  5 black bears
  A cane toad zombie (Crypt:1)
  An ettin simulacrum (Vaults:3)
  31 orc warriors
  10 swamp drakes (Swamp:4)
  An ice beast (Vaults:3)
  A black bear (shapeshifter) (D:15)
  An ice dragon simulacrum (Crypt:1)
  A sky beast (D:8)
  5 necrophages
  8 centaurs
  7 ogres
  7 boggarts
  29 wolves
  2 snapping turtle skeletons
  2 lemures (D:9)
  A phantom (D:4)
  10 kobold brigands
  32 small abominations
  A gnoll sergeant (D:10)
  11 bullfrogs
  A cyclops zombie (Crypt:2)
  8 earth elementals
  A glowing shapeshifter simulacrum (Vaults:3)
  5 scorpions
  A water moccasin zombie (D:5)
  2 water moccasin skeletons (D:7)
  A spriggan zombie (Crypt:1)
  A swamp dragon simulacrum (Crypt:1)
  6 killer bees
  5 wights (D:8)
  A yak skeleton (Crypt:2)
  3 howler monkeys
  5 crimson imps
  5 lava snakes (Volcano)
  20 starcursed masses (Abyss:3)
  2 quasits
  2 centaur zombies
  24 orc priests
  4 hounds
  A bullfrog zombie (D:6)
  2 gnoll shamans
  3 iron imps
  2 jellies
  A scorpion zombie (D:5)
  Ijyb (D:5)
  2 iguanas
  29 orc wizards
  A killer bee zombie (D:8)
  A demigod skeleton (Crypt:1)
  A howler monkey zombie (D:8)
  15 adders
  17 gnolls
  2 howler monkey skeletons
  A river rat (Sewer)
  A swamp drake skeleton (Crypt:1)
  A shadow imp (D:8)
  3 white imps
  4 ufetubi
  6 worms
  A barachi zombie (Crypt:2)
  2 dart slugs
  70 orcs
  10 ball pythons
  3 bats
  11 endoplasms
  2 giant cockroaches
  4 goblins
  6 hobgoblins
  5 jackals (D:1)
  A quokka (D:2)
  A goblin skeleton (Crypt:1)
  A goblin zombie (Crypt:1)
  6 kobolds
  An orc zombie (Crypt:1)
  6 rats
  13 briar patches
  2 lurking horrors (Abyss:3)
  5 starspawn tentacles
2966 creatures vanquished.

Vanquished Creatures (collateral kills)
  A golden dragon (Vaults:5)
  A tentacled monstrosity (Vaults:5)
  A quicksilver dragon (Vaults:5)
  A vault warden (Vaults:5)
  A war gargoyle (Vaults:5)
  A deep elf annihilator (Vaults:5)
  A dire elephant (Gauntlet)
  A green death (Pan)
  2 deep elf high priests (Vaults:5)
  A yaktaur captain (Vaults:5)
  2 vault guards (Vaults:5)
  A hydra (Lair:6)
  An orc high priest (Orc:2)
  2 thrashing horrors
  A skeletal warrior (D:13)
  A wretched star (D:14)
  A wizard (D:14)
  A deep elf archer (D:13)
  2 orc knights (Orc:1)
  A human zombie (Vaults:5)
  2 orb spiders (Spider:3)
  An orc sorcerer (Orc:2)
  3 elephants (Gauntlet)
  2 centaur skeletons (D:13)
  3 yaktaurs (D:13)
  A cane toad (Lair:6)
  A raiju (Abyss:3)
  A dream sheep (Lair:6)
  3 yaks
  A human simulacrum (Vaults:5)
  A water moccasin (D:9)
  An orc warrior (Orc:2)
  A black bear (D:9)
  2 orc priests
  2 orc wizards (D:13)
  2 orcs (D:13)
51 creatures vanquished.

Vanquished Creatures (others)
  2 ancient liches (Vaults:5)
  2 fire giants
  A vault guard (Vaults:3)
  A deep elf knight (Elf:2)
  A large abomination (Abyss:3)
  2 wizards (Vaults:4)
  3 necromancers
  A deep elf pyromancer (D:13)
  A vault sentinel (Vaults:3)
  A bloated husk (Swamp:3)
  2 flying skulls
  A ynoxinul (Pan)
  2 orc warriors
  A jelly (D:8)
  A small abomination (Abyss:3)
  An orc (Orc:1)
  13 bushes (Lair:6)
  27 foxfires
  47 fungi
  3 lurking horrors (Abyss:3)
  165 plants
  19 starspawn tentacles
  3 toadstools (Swamp:2)
300 creatures vanquished.

Grand Total: 3317 creatures vanquished

Notes
Turn   | Place    | Note
-------+----------+-------------------------------------------
     0 | D:1      | DearestLeader the Minotaur Berserker began the quest for
                  | the Orb.
     0 | D:1      | Reached XP level 1. HP: 19/19 MP: 0/0
   136 | D:1      | Reached XP level 2. HP: 25/27 MP: 1/1
   512 | D:1      | Found a faded altar of an unknown god.
   513 | D:1      | Noticed a golden eye
   515 | D:1      | Noticed a shining eye
   515 | D:1      | Noticed a great orb of eyes
   515 | D:1      | Noticed a shining eye
   744 | D:2      | Reached XP level 3. HP: 33/33 MP: 2/2
   864 | D:2      | Found Kuevvusk's Jewellery Shoppe.
   919 | D:2      | Reached ** piety under Trog
  1354 | D:2      | Reached XP level 4. HP: 22/40 MP: 3/3
  1497 | D:2      | Reached skill level 5 in Axes
  2169 | D:4      | Noticed a phantom
  2174 | D:4      | Killed a phantom
  2175 | D:4      | Reached XP level 5. HP: 39/46 MP: 4/4
  2225 | D:4      | Identified the ring of Zisoff {rF+ EV+4}
  2570 | D:4      | Reached XP level 6. HP: 50/52 MP: 5/5
  2736 | D:5      | Entered Level 5 of the Dungeon
  2736 | D:5      | Noticed Ijyb
  2742 | D:5      | Noticed Eustachio
  2766 | D:5      | Killed Ijyb
  2788 | D:5      | Killed Eustachio
  2804 | D:5      | Reached XP level 7. HP: 15/59 MP: 6/6
  3084 | D:5      | Reached skill level 1 in Shields
  3099 | D:5      | Noticed Sigmund
  3113 | D:5      | Killed Sigmund
  3114 | D:5      | Reached XP level 8. HP: 66/66 MP: 7/7
  3126 | D:5      | Reached *** piety under Trog
  3129 | D:5      | Reached skill level 10 in Axes
  3393 | D:5      | Found the +3 robe of Clouds {+Thunder rCloud rElec}
  3399 | D:5      | Found a staircase to the Ecumenical Temple.
  3818 | D:6      | Reached skill level 5 in Armour
  3844 | D:6      | Identified the ring "Qiur" {Str+4 Int+5 Dex-3 SInv}
  3881 | D:6      | Found a blossoming altar of Fedhas.
  3958 | D:6      | Found a glowing drain.
  3964 | Sewer    | Entered a sewer
  4065 | Sewer    | Reached skill level 5 in Fighting
  4414 | Sewer    | Reached **** piety under Trog
  4974 | D:6      | Reached XP level 9. HP: 74/74 MP: 8/8
  5317 | D:7      | Noticed a four-headed hydra
  5335 | D:7      | Killed a three-headed hydra
  5853 | D:8      | Killed a very large slime creature
  5854 | D:8      | Reached XP level 10. HP: 86/86 MP: 9/9
  6419 | D:8      | Noticed a boulder beetle
  6488 | D:8      | Killed a boulder beetle
  6620 | D:8      | Noticed a two-headed ogre
  6632 | D:8      | Killed a two-headed ogre
  7094 | D:9      | Noticed Erolcha
  7111 | D:9      | Killed Erolcha
  7112 | D:9      | Reached XP level 11. HP: 96/97 MP: 10/10
  7165 | D:9      | Paralysed by a hornet for 2 turns
  7179 | D:9      | Found a staircase to the Lair.
  7189 | D:9      | Reached skill level 15 in Axes
  7397 | D:9      | Noticed a two-headed ogre
  7400 | D:9      | Noticed Pikel
  7400 | D:9      | Noticed a two-headed ogre
  7403 | D:9      | Killed a two-headed ogre
  7404 | D:9      | Reached skill level 10 in Armour
  7412 | D:9      | Killed a two-headed ogre
  7415 | D:9      | Killed Pikel
  7416 | D:9      | Reached skill level 10 in Fighting
  7591 | D:9      | Noticed Maurice
  7599 | D:9      | Killed Maurice
  7767 | D:9      | Noticed a two-headed ogre
  7779 | D:9      | Killed a two-headed ogre
  8486 | D:2      | Bought the amulet of the King {Spirit Fragile Fly rF++
                  | Int+3} for 573 gold pieces
  8671 | Lair:1   | Entered Level 1 of the Lair of Beasts
  8760 | Lair:1   | Reached ***** piety under Trog
  8888 | Lair:1   | Noticed a seven-headed hydra
  8893 | Lair:1   | Killed a five-headed hydra
  8894 | Lair:1   | Reached skill level 5 in Dodging
  9336 | Lair:1   | Reached XP level 12. HP: 93/106 MP: 8/11
  9401 | Lair:1   | Noticed a five-headed hydra
  9407 | Lair:1   | Killed a two-headed hydra
 10054 | Lair:2   | Found a gate leading to a gauntlet.
 10080 | Lair:2   | Noticed a six-headed hydra
 10089 | Lair:2   | Killed a one-headed hydra
 10091 | Gauntlet | Entered a Gauntlet
 10091 | Gauntlet | Found a transporter.
 10206 | Gauntlet | Found a transporter.
 10209 | Gauntlet | Found a transporter.
 10210 | Gauntlet | Found a transporter.
 10218 | Gauntlet | Found a transporter.
 10221 | Gauntlet | Found a transporter.
 10222 | Gauntlet | Found a transporter.
 10231 | Gauntlet | Found a transporter.
 10234 | Gauntlet | Found a transporter.
 10235 | Gauntlet | Found a transporter.
 10239 | Gauntlet | Noticed a dire elephant
 10246 | Gauntlet | Found a transporter.
 10246 | Gauntlet | Found a transporter.
 10247 | Gauntlet | Found a transporter.
 10255 | Gauntlet | Found a transporter.
 10451 | Gauntlet | Noticed a tengu warrior
 10451 | Gauntlet | Noticed a tengu warrior
 10696 | Gauntlet | Killed a dire elephant
 10762 | Gauntlet | Noticed a minotaur
 10768 | Gauntlet | Killed a minotaur
 10904 | Lair:2   | Noticed Harold
 10915 | Lair:2   | Killed Harold
 11092 | Lair:2   | Reached XP level 13. HP: 116/117 MP: 12/12
 11564 | Lair:2   | Noticed Nergalle
 11577 | Lair:2   | Killed Nergalle
 12242 | Lair:3   | Identified the +0 ring mail "Zipniuck" {Contam rN+ Regen+
                  | Str+3}
 12597 | Lair:3   | Reached skill level 10 in Dodging
 13197 | Lair:4   | Found a staircase to the Swamp.
 13247 | Lair:4   | Received a gift from Trog
 13539 | Lair:4   | Found a hole to the Spider Nest.
 14514 | Lair:5   | Reached XP level 14. HP: 114/129 MP: 13/13
 14694 | Lair:5   | Found a staircase to the Slime Pits.
 14722 | Lair:5   | Reached skill level 15 in Armour
 15907 | Lair:6   | Entered Level 6 of the Lair of Beasts
 15967 | Lair:6   | Found a dark tunnel.
 15972 | Volcano  | Entered a volcano
 16290 | Volcano  | Found a bloodstained altar of Trog.
 16304 | Volcano  | Reached ****** piety under Trog
 16418 | Volcano  | Received a gift from Trog
 17150 | Lair:6   | Reached XP level 15. HP: 99/139 MP: 9/14
 18106 | Lair:6   | Found a corrupted altar of Lugonu.
 18106 | Lair:6   | Found a one-way gate to the infinite horrors of the Abyss.
 18293 | Lair:6   | Received a gift from Trog
 18943 | D:10     | Entered Level 10 of the Dungeon
 19878 | D:11     | Found Jinuik's Assorted Antiques.
 19885 | D:11     | Bought a scroll labelled HOITESH OLARYA for 26 gold pieces
 19885 | D:11     | Bought a green potion for 23 gold pieces
 19885 | D:11     | Bought a scroll labelled HOITESH OLARYA for 26 gold pieces
 19954 | D:11     | Found Jejy's General Store.
 19959 | D:11     | Bought a scroll of identify for 26 gold pieces
 19959 | D:11     | Bought a scroll of identify for 26 gold pieces
 20035 | D:11     | Identified the +3 whip of the Jumping Boar {holy, rElec
                  | Str+4}
 20351 | D:11     | Found Hazaseas's Armour Shop.
 20529 | D:12     | Received a gift from Trog
 20539 | D:12     | Reached skill level 15 in Fighting
 20715 | D:12     | Found a staircase to the Orcish Mines.
 20924 | D:12     | Identified the +1 robe "Laej" {Rampage Stlth+}
 20941 | D:12     | Found Mootraan's Distillery.
 20951 | D:12     | Bought a potion of heal wounds for 80 gold pieces
 20951 | D:12     | Bought a potion of curing for 48 gold pieces
 20951 | D:12     | Bought a potion of heal wounds for 80 gold pieces
 20951 | D:12     | Bought a potion of curing for 48 gold pieces
 21311 | Orc:1    | Entered Level 1 of the Orcish Mines
 21313 | Orc:1    | Noticed Jorgrun
 21321 | Orc:1    | Noticed Fannar
 21337 | D:12     | Killed Jorgrun
 21582 | Orc:1    | Killed Fannar
 21746 | Orc:1    | Noticed Sonja
 21748 | Orc:1    | Paralysed by Sonja for 4 turns
 21762 | Orc:1    | Killed Sonja
 22068 | Orc:2    | Entered Level 2 of the Orcish Mines
 22471 | Orc:2    | Found a staircase to the Elven Halls.
 22504 | Orc:2    | Identified the +4 broad axe of Light {vorpal, rCorr Dex+2}
                  | (Trog gifted it to you on level 2 of the Orcish Mines)
 22504 | Orc:2    | Received a gift from Trog
 23275 | Orc:1    | Found Leabuoc's Distillery.
 23292 | Orc:1    | Found Risch's Specific Store.
 23295 | Orc:1    | Found Kuunt's General Store.
 23308 | Orc:1    | Reached XP level 16. HP: 128/149 MP: 12/15
 23956 | Orc:2    | Found Newap's General Store.
 24000 | Orc:2    | Received a gift from Trog
 24009 | Orc:2    | Found Arhuojel's General Store.
 24064 | Orc:2    | Found Tinetof's Antique Weapon Shoppe.
 24066 | Orc:2    | Found Jojien's Distillery.
 24072 | Orc:2    | Bought a jewelled broad axe for 324 gold pieces
 24072 | Orc:2    | Identified the +7 broad axe of Immorality {elec, rElec rN+
                  | Str+6 Int-3} (You bought it in a shop on level 2 of the
                  | Orcish Mines)
 24078 | Orc:2    | Bought a potion of heal wounds for 70 gold pieces
 24078 | Orc:2    | Bought 2 potions of invisibility for 224 gold pieces
 24078 | Orc:2    | Bought a potion of heal wounds for 70 gold pieces
 24395 | D:13     | Noticed Urug
 24405 | D:13     | Killed Urug
 25300 | D:13     | Noticed Azrael
 25313 | D:13     | Killed Azrael
 25444 | D:13     | Found a gate to the Vaults.
 25915 | D:14     | Cast into level 2 of the Abyss (a wizard)
 25993 | Abyss:2  | Received a gift from Trog
 26059 | Abyss:2  | Paralysed by you for 2 turns
 26211 | Abyss:2  | Identified the +15 plate armour of Feasting {Contam rPois
                  | rCorr Dex+3}
 26262 | Abyss:2  | Noticed a tentacled starspawn
 26275 | Abyss:2  | Killed a tentacled starspawn
 26292 | Abyss:3  | Found a corrupted altar of Lugonu.
 26793 | Abyss:3  | Noticed a lich
 26805 | Abyss:3  | Killed a lich
 26882 | Abyss:4  | Noticed a bone dragon
 26897 | Abyss:4  | Found a corrupted altar of Lugonu.
 26924 | Abyss:4  | Noticed an Executioner
 26934 | Abyss:4  | Killed an Executioner
 26937 | Abyss:4  | Reached XP level 17. HP: 98/159 MP: 11/16
 27027 | Abyss:4  | Lost intelligence.
 27065 | D:14     | Escaped the Abyss
 27254 | D:14     | Identified the +2 pair of gloves of Death Resistance {Harm
                  | Will- Int+7}
 27766 | D:15     | Entered Level 15 of the Dungeon
 27773 | D:15     | Noticed Josephine
 27782 | D:15     | Killed Josephine
 27785 | D:15     | Received a gift from Trog
 28550 | D:15     | Found a staircase to the Depths.
 29436 | Swamp:1  | Entered Level 1 of the Swamp
 30157 | Swamp:2  | Received a gift from Trog
 30248 | Swamp:2  | Reached skill level 15 in Dodging
 30706 | Swamp:2  | Found a basalt altar of Yredelemnul.
 31218 | Swamp:3  | Reached XP level 18. HP: 170/170 MP: 17/17
 31589 | Swamp:4  | Entered Level 4 of the Swamp
 32107 | Swamp:4  | Received a gift from Trog
 32310 | Swamp:4  | Identified the +3 cloak "Zoytri Yfie" {*Slow rF++ Dex+9}
 32433 | Swamp:4  | Identified the +0 robe of Satisfaction {rC+ Will- Dex+4}
 33027 | Swamp:4  | Got a decaying rune of Zot
 33218 | Spider:1 | Entered Level 1 of the Spider Nest
 33450 | Spider:1 | Identified a scroll of acquirement
 33452 | Spider:1 | Acquired 622 gold pieces
 34327 | Spider:2 | Received a gift from Trog
 34340 | Spider:2 | Noticed Kirke
 34350 | Spider:2 | Killed Kirke
 35334 | Spider:3 | Reached XP level 19. HP: 179/179 MP: 18/18
 35382 | Spider:3 | Received a gift from Trog
 36315 | Spider:4 | Entered Level 4 of the Spider Nest
 36731 | Spider:4 | Got a gossamer rune of Zot
 37118 | Spider:4 | Noticed Roxanne
 37163 | Spider:4 | Received a gift from Trog
 37452 | Spider:4 | Killed Roxanne
 37647 | Spider:4 | Noticed Arachne
 37661 | Spider:4 | Killed Arachne
 38437 | Vaults:1 | Entered Level 1 of the Vaults
 38525 | Vaults:1 | Found a runed translucent door.
 38527 | Vaults:1 | Noticed royokou's ghost (veteran MiFi)
 38921 | Vaults:1 | Received a gift from Trog
 39330 | Vaults:1 | Reached XP level 20. HP: 179/191 MP: 17/19
 39340 | Vaults:1 | Identified the +2 chain mail "Fogain" {rF+ Str+4 Stlth+}
 39847 | Vaults:1 | Found Tosof Lonyiff's Assorted Antiques.
 39855 | Vaults:1 | Bought 2 scrolls of teleportation for 162 gold pieces
 39855 | Vaults:1 | Bought a scroll of teleportation for 81 gold pieces
 40251 | Vaults:1 | Killed royokou's ghost
 40292 | Vaults:2 | Noticed Mennas
 40331 | Vaults:2 | Killed Mennas
 40361 | Vaults:2 | Received a gift from Trog
 40900 | Vaults:2 | Found Rughufack's Distillery.
 40914 | Vaults:2 | Bought a potion of heal wounds for 75 gold pieces
 40950 | Vaults:2 | Reached skill level 1 in Long Blades
 41648 | Vaults:2 | Found a staircase to the Crypt.
 42204 | Vaults:3 | Reached skill level 5 in Long Blades
 42479 | Vaults:3 | Received a gift from Trog
 43214 | Vaults:3 | Noticed Nikola
 43226 | Vaults:3 | Reached XP level 21. HP: 84/200 MP: 10/20
 43235 | Vaults:3 | Killed Nikola
 43730 | Vaults:3 | Received a gift from Trog
 44393 | Vaults:4 | Found Ahaibu's Antique Weapon Shoppe.
 44431 | Vaults:4 | Noticed Jory
 44446 | Vaults:4 | Killed Jory
 44825 | Vaults:4 | Noticed a dread lich
 44841 | Vaults:4 | Killed a dread lich
 45213 | Vaults:4 | Found a runed translucent gate.
 45213 | Vaults:4 | Found a runed translucent gate.
 45213 | Vaults:4 | Found a runed translucent gate.
 45214 | Vaults:4 | Noticed Lukheov's ghost (veteran DrWn)
 45700 | Vaults:4 | Received a gift from Trog
 45702 | Vaults:4 | Reached skill level 10 in Long Blades
 46345 | Elf:1    | Entered Level 1 of the Elven Halls
 46368 | Elf:1    | Found Wikkal's Assorted Antiques.
 46812 | Elf:1    | Found a runed translucent door.
 46815 | Elf:1    | Found a shimmering altar of Xom.
 46815 | Elf:1    | Noticed Amplified's ghost (journeyman PaSu)
 46845 | Elf:1    | Killed Amplified's ghost
 47125 | Elf:2    | Received a gift from Trog
 47410 | Elf:2    | Identified the +0 helmet "Zaet" {rElec}
 47427 | Elf:2    | Paralysed by an air elemental for 1 turns
 47586 | Elf:2    | Found Kumy's Magic Scroll Shoppe.
 47590 | Elf:2    | Bought a scroll of teleportation for 51 gold pieces
 47590 | Elf:2    | Bought a scroll of teleportation for 51 gold pieces
 47721 | Elf:2    | Found a runed translucent gate.
 47722 | Elf:2    | Found a runed translucent gate.
 47724 | Elf:2    | Found a runed translucent gate.
 48245 | Elf:2    | Received a gift from Trog
 48381 | Elf:2    | Reached XP level 22. HP: 161/209 MP: 21/21
 49054 | Elf:3    | Entered Level 3 of the Elven Halls
 49195 | Elf:3    | Noticed Aizul
 49204 | Elf:3    | Killed Aizul
 49694 | Elf:3    | Noticed Louise
 49701 | Elf:3    | Cast into level 2 of the Abyss (Louise)
 49701 | Abyss:2  | Found a corrupted altar of Lugonu.
 49780 | Abyss:2  | Found a corrupted altar of Lugonu.
 49782 | Abyss:2  | Gained mutation: You are robust. (+10% HP) [a neqoxec]
 49882 | Abyss:3  | Gained mutation: You are weak. (Str -2) [a neqoxec]
 50013 | Abyss:3  | Paralysed by accursed screaming for 1 turns
 50084 | Abyss:3  | Found a corrupted altar of Lugonu.
 50156 | Abyss:3  | Lost intelligence.
 50440 | Abyss:3  | Received a gift from Trog
 50487 | Abyss:4  | Found a corrupted altar of Lugonu.
 50721 | Abyss:4  | Lost intelligence.
 50766 | Elf:3    | Escaped the Abyss
 50777 | Elf:3    | Killed Louise
 51197 | Elf:3    | Paralysed by an air elemental for 1 turns
 51359 | Elf:3    | Identified the +1 scale mail of the Soldier {rC+ Dex+4
                  | Stlth+}
 51359 | Elf:3    | Identified the ring of Cuan {Str+4 SInv}
 51424 | Elf:3    | Identified the +7 rapier of Uskayaw's Generosity {freeze,
                  | rN+ MP+9 Stlth+}
 51477 | Elf:3    | Identified the +4 morningstar "Punyseaxt" {holy, Dex+5}
 51490 | Elf:3    | Identified the +1 war axe of Roug {venom, rC- Int+7}
 51492 | Elf:3    | Identified the ring "Isetineg" {AC+4 Dex+4}
 52005 | Elf:3    | Found the +0 staff of Battle
 52451 | Vaults:5 | Entered Level 5 of the Vaults
 52458 | Vaults:4 | Identified the +5 great sword of the Goat {vorpal, rC+
                  | Will+} (Trog gifted it to you on level 4 of the Vaults)
 52458 | Vaults:4 | Received a gift from Trog
 52484 | Vaults:5 | Noticed a golden dragon
 52506 | Vaults:5 | Noticed an ancient lich
 52510 | Vaults:5 | Killed a golden dragon
 52511 | Vaults:5 | Reached XP level 23. HP: 114/242 MP: 11/22
 52513 | Vaults:5 | Identified the ring "Puudesiu" {Fire rPois}
 52793 | Vaults:5 | Killed an ancient lich
 52808 | Vaults:5 | Noticed an ancient lich
 53073 | Vaults:5 | Received a gift from Trog
 53373 | Vaults:5 | Killed an ancient lich
 53612 | Vaults:5 | Got a silver rune of Zot
 53790 | Vaults:5 | Cast into level 3 of the Abyss (a deep elf demonologist)
 53880 | Abyss:3  | Received a gift from Trog
 53898 | Abyss:3  | Got an abyssal rune of Zot
 53952 | Vaults:5 | Escaped the Abyss
 53952 | Vaults:5 | Noticed an ancient lich
 54522 | Vaults:5 | Killed an ancient lich
 55042 | Vaults:5 | Noticed a dread lich
 55079 | Vaults:5 | Killed a dread lich
 55609 | Vaults:5 | Noticed a dread lich
 55614 | Vaults:5 | Killed a dread lich
 55615 | Vaults:5 | Reached XP level 24. HP: 256/256 MP: 22/22
 56031 | Vaults:5 | Identified the ring of the Messenger {rF+ Str-2 Dex+3 SInv
                  | Stlth+}
 56195 | Vaults:5 | Identified the amulet of Wyomm {Spirit Harm Str+2}
 56306 | Vaults:5 | Noticed an ancient lich
 56316 | Vaults:5 | Killed an ancient lich
 56455 | Vaults:5 | Identified the +5 long sword of the Freezing Dove
                  | {antimagic, rN+ Will+ Str-3}
 56579 | Vaults:5 | Identified the amulet of Nahonujaul {Spirit Will+ Str+2}
 56822 | Vaults:1 | Bought a scroll of enchant armour for 202 gold pieces
 57198 | Vaults:5 | Identified the +7 hand axe "Niukuwux" {vorpal, Str+2}
 57201 | Vaults:5 | Acquired a manual of Evocations
 57443 | Depths:1 | Entered Level 1 of the Depths
 57456 | Depths:1 | Reached skill level 1 in Evocations
 57520 | Depths:1 | Received a gift from Trog
 57909 | Depths:1 | Noticed Mara
 57910 | Depths:1 | Found a gateway to Hell.
 57910 | Depths:1 | Noticed DearestLeader's illusion
 58332 | Depths:1 | Noticed DearestLeader's illusion
 58339 | Depths:1 | Killed Mara
 58550 | Depths:1 | Acquired a manual of Shields
 58674 | Depths:1 | Reached skill level 5 in Evocations
 58796 | Depths:1 | Identified the ring "Fuhos" {Str+4 Dex+6}
 59168 | Depths:2 | Received a gift from Trog
 59176 | Depths:2 | Reached skill level 5 in Shields
 59285 | Depths:2 | Noticed Ocayps's ghost (veteran OpBe)
 59407 | Depths:2 | Found a portal to a secret trove of treasure.
 59452 | Depths:2 | Noticed a juggernaut
 59463 | Depths:2 | Killed a juggernaut
 59464 | Depths:2 | Reached XP level 25. HP: 150/267 MP: 16/22
 59474 | Depths:2 | Reached skill level 10 in Shields
 59486 | Depths:2 | Identified the +7 broad axe of Beyond {drain, Str+7 SInv}
 59502 | Depths:2 | Received a gift from Trog
 59505 | Depths:2 | Identified the ring "Gunauguq" {rF+ EV+4 Slay+4 Stlth+}
 59511 | Depths:2 | HP: 12/268 [stone giant/large rock (32)]
 59512 | Depths:2 | HP: 4/268 [phantasmal warrior[a spriggan air mage] (10)]
 60110 | Depths:2 | Found a runed translucent door.
 60199 | Depths:2 | Found a one-way gate leading to the halls of Pandemonium.
 60221 | Depths:2 | Found a gateway to a ziggurat.
 60435 | Depths:2 | Found a snail-covered altar of Cheibriados.
 60731 | Depths:2 | Noticed a dread lich
 60735 | Depths:2 | Found a runed translucent door.
 61247 | Vaults:4 | Killed Lukheov's ghost
 61798 | Depths:3 | Received a gift from Trog
 61976 | Depths:3 | Reached skill level 10 in Evocations
 62056 | Depths:3 | Paralysed by a vampire knight for 3 turns
 62067 | Depths:3 | Identified the +3 battleaxe "Dycoca" {vorpal, *Slow Int+4
                  | Dex+2 SInv Stlth+}
 62069 | Depths:3 | Identified the +8 glaive of Breach {speed, MP+9}
 62072 | Depths:3 | Identified the +3 dire flail of Due Proportion {holy, rF++}
 62455 | Depths:3 | Reached skill level 15 in Shields
 62787 | Depths:4 | Reached XP level 26. HP: 277/281 MP: 22/22
 62798 | Depths:4 | Received a gift from Trog
 63244 | Depths:4 | Paralysed by a great orb of eyes for 7 turns
 63394 | Depths:4 | Found a hazy altar of Hepliaklqana.
 63395 | Depths:4 | Found a hide-covered altar of Uskayaw.
 63396 | Depths:4 | Found an ancient bone altar of Kikubaaqudgha.
 63881 | Depths:4 | Received a gift from Trog
 64567 | Depths:4 | Identified the amulet of Bigeicw {Spirit rF+ rC+ Str+2}
 64879 | Depths:5 | Entered Level 5 of the Depths
 64879 | Depths:5 | Found Curei's Distillery.
 64943 | Depths:5 | Received a gift from Trog
 65099 | Depths:5 | Bought a potion of mutation for 120 gold pieces
 65099 | Depths:5 | Bought a potion of heal wounds for 75 gold pieces
 65099 | Depths:5 | Bought a potion of heal wounds for 75 gold pieces
 65179 | Depths:5 | Lost mutation: You are robust. (+10% HP) [potion of
                  | mutation]
 65179 | Depths:5 | Lost mutation: You are weak. (Str -2) [potion of mutation]
 65179 | Depths:5 | Gained mutation: You are dopey. (Int -2) [potion of
                  | mutation]
 65179 | Depths:5 | Gained mutation: You are clumsy. (Dex -2) [potion of
                  | mutation]
 65179 | Depths:5 | Gained mutation: Your muscles are strong. (Str +2) [potion
                  | of mutation]
 65180 | Depths:5 | Lost mutation: You are clumsy. (Dex -2) [potion of
                  | mutation]
 65180 | Depths:5 | Lost mutation: Your muscles are strong. (Str +2) [potion of
                  | mutation]
 65180 | Depths:5 | Gained mutation: You are clumsy. (Dex -2) [potion of
                  | mutation]
 65180 | Depths:5 | Gained mutation: Your flesh is heat resistant. (rF+)
                  | [potion of mutation]
 65180 | Depths:5 | Gained mutation: You are covered in fur. (AC +1) [potion of
                  | mutation]
 65180 | Depths:5 | Gained mutation: Your muscles are strong. (Str +2) [potion
                  | of mutation]
 65181 | Depths:5 | Lost mutation: You are dopey. (Int -2) [potion of mutation]
 65181 | Depths:5 | Lost mutation: You are covered in fur. (AC +1) [potion of
                  | mutation]
 65392 | Depths:5 | Found a gate to the Realm of Zot.
 65414 | Depths:5 | Reached XP level 27. HP: 213/269 MP: 19/22
 65739 | Depths:5 | Found a runed translucent door.
 65742 | Depths:5 | Noticed Zuynaoq's ghost (veteran MiFi)
 65839 | Depths:5 | Killed Zuynaoq's ghost
 65840 | Depths:5 | Reached skill level 27 in Armour
 66015 | Depths:5 | Noticed Boris
 66035 | Depths:5 | Killed Boris
 66134 | Depths:5 | Found a shimmering altar of Xom.
 66137 | Depths:5 | Found an ornate altar of the Wu Jian Council.
 66137 | Depths:5 | Found a stormy altar of Qazlal.
 66139 | Depths:5 | Found a shimmering altar of Xom.
 66139 | Depths:5 | Found a snail-covered altar of Cheibriados.
 66139 | Depths:5 | Found a radiant altar of Vehumet.
 66219 | Depths:5 | Found a runed translucent door.
 66219 | Depths:5 | Noticed Dameikh's ghost (veteran FoFi)
 66244 | Depths:5 | Killed Dameikh's ghost
 66268 | Depths:5 | Found a runed translucent door.
 66268 | Depths:5 | Noticed Xutext's ghost (adept DsAK)
 66289 | Depths:5 | Killed Xutext's ghost
 66632 | Depths:2 | Killed a dread lich
 66641 | Depths:2 | Killed Ocayps's ghost
 66897 | Crypt:1  | Entered Level 1 of the Crypt
 66979 | Crypt:1  | Reached skill level 1 in Stealth
 66998 | Crypt:1  | Received a gift from Trog
 67374 | Crypt:1  | Found a huge runed gate.
 67374 | Crypt:1  | Found a huge runed gate.
 67374 | Crypt:1  | Found a huge runed gate.
 67374 | Crypt:1  | Found a huge runed gate.
 67374 | Crypt:1  | Found a huge runed gate.
 67374 | Crypt:1  | Found a huge runed gate.
 67423 | Crypt:1  | Found a huge runed gate.
 67423 | Crypt:1  | Found a huge runed gate.
 67423 | Crypt:1  | Found a huge runed gate.
 67436 | Crypt:1  | Found a huge runed gate.
 67436 | Crypt:1  | Found a huge runed gate.
 67436 | Crypt:1  | Found a huge runed gate.
 67443 | Crypt:1  | Found a huge runed gate.
 67445 | Crypt:1  | Found a huge runed gate.
 67446 | Crypt:1  | Found a huge runed gate.
 67447 | Crypt:1  | Found a huge runed gate.
 67511 | Crypt:1  | Found a huge runed gate.
 67511 | Crypt:1  | Found a huge runed gate.
 67511 | Crypt:1  | Found a huge runed gate.
 67512 | Crypt:1  | Found a huge runed gate.
 67514 | Crypt:1  | Found a huge runed gate.
 67514 | Crypt:1  | Found a huge runed gate.
 67516 | Crypt:1  | Found a huge runed gate.
 67516 | Crypt:1  | Found a huge runed gate.
 67516 | Crypt:1  | Found a huge runed gate.
 67539 | Crypt:1  | Found a huge runed gate.
 67539 | Crypt:1  | Found a huge runed gate.
 67539 | Crypt:1  | Found a huge runed gate.
 67847 | Crypt:1  | Reached skill level 27 in Fighting
 67913 | Crypt:1  | Identified the +7 great mace of Fedhas's Grace {venom,
                  | *Slow Will+++ Str-4 Int+2}
 67915 | Crypt:1  | Identified the +1 ring mail of Haav {Dex+4}
 67919 | Crypt:1  | Identified the ring "Ahine" {Str+6 Dex+2 Stlth+}
 68897 | Crypt:2  | Identified the +0 cloak of Vom Fosk {rPois rC- Slay+2
                  | Stlth+}
 69355 | Crypt:2  | Received a gift from Trog
 69866 | Crypt:3  | Entered Level 3 of the Crypt
 69977 | Crypt:3  | Found a basalt altar of Yredelemnul.
 70000 | Crypt:3  | Reached skill level 5 in Stealth
 70132 | Crypt:3  | Received a gift from Trog
 70176 | Crypt:3  | Noticed Sojobo
 70179 | Crypt:3  | Killed Sojobo
 70414 | Crypt:3  | Reached skill level 15 in Long Blades
 70425 | Crypt:3  | Noticed Boris
 70441 | Crypt:3  | Killed Boris
 70727 | Crypt:3  | Noticed Margery
 70741 | Crypt:3  | Killed Margery
 71173 | Crypt:3  | Found a staircase to the Tomb.
 71308 | Crypt:3  | Received a gift from Trog
 71570 | Crypt:3  | Identified the +10 plate armour of Bupne {rF+++ Dex-4 SInv
                  | Stlth+}
 72267 | Slime:1  | Entered Level 1 of the Pits of Slime
 72282 | Slime:1  | Gained mutation: Armour fits poorly on your strangely
                  | shaped body. [a shining eye]
 72284 | Slime:1  | Gained mutation: You are partially covered in iridescent
                  | scales. (AC +2) [a shining eye]
 72285 | Slime:1  | Gained mutation: You are occasionally teleported next to
                  | monsters. [a shining eye]
 72297 | Lair:5   | Lost mutation: Your flesh is heat resistant. (rF+) [potion
                  | of mutation]
 72297 | Lair:5   | Lost mutation: You are partially covered in iridescent
                  | scales. (AC +2) [potion of mutation]
 72297 | Lair:5   | Lost mutation: Your muscles are strong. (Str +2) [potion of
                  | mutation]
 72297 | Lair:5   | Lost intelligence.
 72297 | Lair:5   | Gained mutation: You are dopey. (Int -2) [potion of
                  | mutation]
 72300 | Lair:5   | Lost mutation: You are dopey. (Int -2) [potion of mutation]
 72300 | Lair:5   | Lost mutation: You are clumsy. (Dex -2) [potion of
                  | mutation]
 72300 | Lair:5   | Gained mutation: You sometimes lose the ability to read
                  | scrolls when taking damage. [potion of mutation]
 72300 | Lair:5   | Gained mutation: You are frail. (-10% HP) [potion of
                  | mutation]
 72300 | Lair:5   | Gained mutation: Your muscles are strong. (Str +2) [potion
                  | of mutation]
 72300 | Lair:5   | Gained mutation: You passively map a small area around you.
                  | [potion of mutation]
 72301 | Lair:5   | Lost mutation: Armour fits poorly on your strangely shaped
                  | body. [potion of mutation]
 72301 | Lair:5   | Lost mutation: Your muscles are strong. (Str +2) [potion of
                  | mutation]
 72301 | Lair:5   | Gained mutation: You tend to lose your temper in combat.
                  | [potion of mutation]
 72301 | Lair:5   | Gained mutation: Your movements are slightly less
                  | encumbered by armour. (ER -2) [potion of mutation]
 72302 | Lair:5   | Lost mutation: You are occasionally teleported next to
                  | monsters. [potion of mutation]
 72302 | Lair:5   | Lost mutation: You passively map a small area around you.
                  | [potion of mutation]
 72302 | Lair:5   | Gained mutation: You expend magic power (3 MP) to
                  | strengthen your wands. [potion of mutation]
 72302 | Lair:5   | Gained mutation: Your magical capacity is low. (-10% MP)
                  | [potion of mutation]
 72303 | Lair:5   | Lost mutation: You tend to lose your temper in combat.
                  | [potion of mutation]
 72303 | Lair:5   | Lost mutation: You sometimes lose the ability to read
                  | scrolls when taking damage. [potion of mutation]
 72303 | Lair:5   | Lost mutation: You are frail. (-10% HP) [potion of
                  | mutation]
 72303 | Lair:5   | Gained mutation: Your magical capacity is very low. (-20%
                  | MP) [potion of mutation]
 72621 | Pan      | Entered Pandemonium
 72665 | Pan      | HP: 7/273 [smoke demon/divine providence (11)]
 73299 | Pan      | Received a gift from Trog
 73386 | Pan      | Noticed Taruaves the pandemonium lord
 73396 | Pan      | Killed Taruaves the pandemonium lord
 74363 | Pan      | Found an exit through the horrors of the Abyss.
 74859 | Pan      | Received a gift from Trog
 75221 | Pan      | Lost intelligence.
 75224 | Pan      | Gained mutation: You are weak. (Str -2) [a neqoxec]
 75717 | Pan      | Received a gift from Trog
 76748 | Pan      | Noticed Ene Irchi the pandemonium lord
 76762 | Pan      | Killed Ene Irchi the pandemonium lord
 76776 | Pan      | Reached skill level 10 in Stealth
 77625 | Pan      | Gained mutation: You occasionally shout uncontrollably at
                  | your foes. [a neqoxec]
 77626 | Pan      | Gained mutation: You are clumsy. (Dex -2) [a neqoxec]
 77634 | Pan      | Lost mutation: Your magical capacity is very low. (-20% MP)
                  | [potion of mutation]
 77634 | Pan      | Lost mutation: You are weak. (Str -2) [potion of mutation]
 77634 | Pan      | Gained mutation: Your spells are a little harder to cast,
                  | but a little more powerful. [potion of mutation]
 77634 | Pan      | Gained mutation: Your body sometimes deteriorates upon
                  | taking damage. [potion of mutation]
 77634 | Pan      | Gained mutation: You have sharp fingernails. [potion of
                  | mutation]
 77634 | Pan      | Gained mutation: Your spells are harder to cast, but more
                  | powerful. [potion of mutation]
 78765 | Pan      | Gained mutation: Your body often deteriorates upon taking
                  | damage. [a neqoxec]
 78795 | Pan      | Received a gift from Trog
 78929 | Pan      | Noticed Vafyqadgh the pandemonium lord
 78940 | Pan      | Killed Vafyqadgh the pandemonium lord
 79807 | Pan      | Entered the realm of Gloorx Vloq.
 80518 | Pan      | Received a gift from Trog
 81060 | Pan      | Got a dark rune of Zot
 81100 | Pan      | Noticed Gloorx Vloq
 81120 | Pan      | Killed Gloorx Vloq
 81121 | Pan      | HP: 3/409 [poison (dark miasma)]
 81122 | Pan      | Succumbed to poison (dark miasma)

Illustrated notes

Levels and vault maps discovered:
D:1:      dpeg_arrival_refuge, layout_basic,
          hellmonk_ecumenical_altar_watching_god, dk_noncrumbling_3
D:2:      layout_loops_ring, serial_shops, shop, kennysheep_generic_room_16
D:3:      layout_basic, corner_web_ring
D:4:      layout_basic, serial_bayou_lagoon_a
D:5:      layout_loops_cross, minmay_temple_entry_ruins, minmay_crossroads,
          uniq_eustachio, uniq_sigmund, uniq_ijyb
D:6:      layout_basic, fedhas_altar_2, portal_sewer_entry_e,
          columned_hall_lemuel
D:7:      layout_basic
D:8:      minmay_recursive_quarters, layout_loops_ring, chequers_arboretum
D:9:      layout_grid_maze, due_lair_maze_entry_diamond, uniq_maurice,
          uniq_pikel, uniq_erolcha
D:10:     layout_roguey
D:11:     layout_gridville, serial_shops, shop, shop, shop, grunt_ministairs_7,
          lightli_wizard_tower
D:12:     layout_rooms, david_orc_4, serial_shops, shop, nzn_sisyphean_effort
D:13:     layout_loops_ring, hangedman_vaults_entry_quadrant_bands, uniq_azrael,
          uniq_urug
D:14:     cheibrodos_wizards_tower, layout_gridville,
          hangedman_abyss_or_decor_lesser_grid
D:15:     hangedman_depths_entry_try_elsewhere_first, layout_layer_cave,
          chequers_serial_rivers_small_b, uniq_josephine
Lair:1:   layout_cave_pods
Lair:2:   layout_regular_city, gauntlet_entry_generic, uniq_harold,
          uniq_nergalle
Lair:3:   layout_regular_city, grunt_megastairs_5
Lair:4:   layout_small_grid, palyth_hydra_swamp_entry,
          nicolae_spider_entry_tight_spaces
Lair:5:   layout_layer_cave, minmay_slime_entry_oklob_open, beast_lair_carwin_6,
          grunt_megastairs_3
Lair:6:   hellmonk_lair_end_abyssal_woods, layout_hall_layers, serial_forest,
          infiniplex_forest_lined_2, infiniplex_forest_pool,
          infiniplex_forest_lined_room_3, infiniplex_forest_lined_2,
          infiniplex_forest_3_way, infiniplex_forest_lined_4_way,
          infiniplex_forest_split, infiniplex_forest_3_way,
          infiniplex_forest_clump_double, enter_volcano_4
Swamp:1:  nicolae_swamp_ascending_descending_big, layout_basic_swamp,
          evilmike_swamp_ruin_house_6, ldierk_geyser, lightli_tree_ring
Swamp:2:  cheibrodos_swamp_tower_of_moss, layout_basic_swamp,
          nicolae_swamp_bean_lake, swamp_pool2, nicolae_swamp_godswood
Swamp:3:  layout_falls_marsh, evilmike_swamp_ruin_house_4, swamp_pool1
Swamp:4:  swamp_basic_johnstein, layout_basic_swamp, swamp_pool5
Spider:1: layout_spider_delve
Spider:2: layout_spider_delve, nicolae_spider_nooks_and_crannies, uniq_kirke
Spider:3: layout_spider_delve, nicolae_spider_webs_and_nodes, drop_trap
Spider:4: grunt_spider_rune_circles, nicolae_spider_nook,
          hangedman_spider_tarantella_strand, uniq_arachne, uniq_roxanne
Slime:1:  layout_caves
Orc:1:    layout_caves, nicolae_specific_store, guppyfry_orc_lava_fort,
          uniq_sonja, uniq_fannar, uniq_jorgrun
Orc:2:    st_orc_elflike, layout_diamond_mine, nooodl_orcs_dogs
Elf:1:    layout_geoelf_diagonals, serial_shops,
          nicolae_shop_overgrown_old_shop, ebering_ghost_xom,
          kennysheep_underground_church
Elf:2:    elven_hall_of_blades_hangedman_original
          [nicolae_blade_entry_floor_patterns], layout_loops_corners,
          serial_shops, shop, st_stairs_3
Elf:3:    elf_hall_gauntlet_narrow, layout_gridlike, uniq_louise, uniq_aizul
Vaults:1: ebering_vaults_ghost_reflecting_pool, v_misc_15,
          nicolae_vaults_network_square, nicolae_vaults_windows_and_doors_thing,
          v_misc_19, v_alt_pattern_4, hangedman_vaults_restitches,
          vaults_mumra_minichess, vaults_room_grid, v_misc_8,
          hangedman_vaults_impose, nicolae_vaults_little_squares_4,
          vaults_dpeg_hooks, ontoclasm_vaults_eye, layout_vaults_ring,
          serial_shops, shop
Vaults:2: v_misc_30, hangedman_vaults_trim, v_pattern_2, v_misc_5,
          minmay_crypt_entry_simple_round, nicolae_vaults_specimen_jars,
          layout_vaults_quadrants, serial_shops, nicolae_shop_statue_plus,
          uniq_mennas
Vaults:3: dpeg_vaults_monster_row, nicolae_vaults_shelves_hall, v_alt_pattern_2,
          vaults_dpeg_doors, v_misc_22, v_misc_1, v_alt_pattern_1,
          nicolae_vaults_puzzle_piece, v_misc_11, nicolae_vaults_angled_halls,
          nicolae_vaults_little_squares_1, serial_ice_h,
          nicolae_vaults_little_squares_2, layout_vaults_big_cross, uniq_nikola
Vaults:4: gammafunk_vaults_ghost_necromancy, nicolae_vaults_minivaults,
          v_misc_2, v_misc_2, hangedman_vaults_river_flow,
          nicolae_vaults_network_s, nicolae_vaults_asterisk,
          layout_vaults_chaotic_city, serial_shops, shop, uniq_jory
Vaults:5: serial_shops
Crypt:1:  layout_misc_corridors, not_door_vault_due
Crypt:2:  layout_gridlike
Crypt:3:  grunt_crypt_end_deaths_head, uniq_sojobo, uniq_margery
Depths:1: layout_honeycomb, hellmouth_2, minmay_fountain_box, abyss_entry,
          hangedman_cracks_in_the_wall, uniq_mara
Depths:2: minmay_heptahexagon, layout_gridlike, enter_ziggurat_e,
          muffindrake_ghost_dual_entry, kennysheep_flooded_box, hell_entry,
          pan_entry, nicolae_trove_entry_crossroad,
          minmay_staircase_windowed_large
Depths:3: minmay_the_grid_3x3 [minmay_the_grid_medium_cups,
          minmay_the_grid_large_cup, minmay_the_grid_broken_lines,
          minmay_the_grid_square_x, minmay_the_grid_fan,
          minmay_the_grid_small_cups, minmay_the_grid_paths,
          minmay_the_grid_embedded, minmay_the_grid_prize_diamond_cup],
          layout_cave_pools, grunt_pan_entry_spiral, hell_entry,
          abyss_entry_small_statue_room
Depths:4: hangedman_slaughterboxes, abyss_entry, hell_entry
Depths:5: grunt_zot_entry_bicorn, layout_cave_pools,
          muffindrake_ghost_three_little_ghosts, rand_demon_pan_entry_9,
          doesnt_xom_only_xom, serial_shops, shop, grunt_hell_entry_dis_old,
          uniq_boris
Pan:      rand_demon_3, layout_cellular_growth, pan_blood_fountain,
          evilmike_mini_pan_doors_b, layout_irregular_city,
          regret_index_pan_draining_boxed, layout_small_grid,
          evilmike_gloorx_vloq_box, layout_grid_shapes

Skill      XL: |  1  2  3  4  5  6  7  8  9 10 11 12 13 14 15 16 17 18 19 20 21 22 23 24 25 26 27 |
---------------+----------------------------------------------------------------------------------+-----
Axes           | 4 6 7 8 9 11 13 14 16 17 18 19 20 21 22 24 25 26 | 26.0
Fighting       | 4 5 7 9 10 11 13 14 15 16 17 18 19 20 21 22 23 24 26 27 | 27.0
Armour         | 3 4 6 8 9 11 13 14 16 17 19 20 21 22 23 24 25 26 27 | 27.0
Dodging        | 3 6 9 10 12 13 14 15 16 17 19 20 21 24 | 24.8
Shields        | 4 9 15 | 15.0
Long Blades    | 7 11 12 21 | 21.7
Evocations     | 7 10 13 | 13.7
Stealth        | 11 | 11.8

Action                   |  1- 3 |  4- 6 |  7- 9 | 10-12 | 13-15 | 16-18 | 19-21 | 22-24 | 25-27 || total
-------------------------+-------+-------+-------+-------+-------+-------+-------+-------+-------++-------
Melee: Hand axe          |    78 |    96 |    76 |       |       |       |       |       |       ||   250
       Headbutt          |    10 |    13 |    40 |    96 |   238 |   324 |   371 |   439 |   916 ||  2447
       War axe           |       |       |   171 |   397 |   891 |       |       |       |       ||  1459
       Broad axe         |       |       |       |       |   240 |  1070 |  1182 |  1061 |  1073 ||  4626
       Whip              |       |       |       |       |       |    79 |       |       |       ||    79
       Eudemon blade     |       |       |       |       |       |       |       |   197 |  1624 ||  1821
Throw: Javelin           |       |       |       |       |     4 |     1 |     6 |       |       ||    11
Invok: Trog's Hand       |       |     1 |     3 |     1 |     2 |     4 |     2 |     7 |     9 ||    29
       Berserk           |       |     1 |     2 |     5 |     5 |     5 |     2 |     2 |     4 ||    26
       Brothers in Arms  |       |       |     1 |     3 |     2 |     6 |     5 |    15 |     3 ||    35
Evoke: Wand              |       |       |       |       |       |     1 |       |     1 |     1 ||     3
  Use: Scroll            |     3 |       |     3 |     5 |     8 |    11 |    11 |     8 |     4 ||    53
       Potion            |       |       |       |       |     4 |     1 |     1 |     5 |    11 ||    22
 Stab: Petrified         |       |       |       |       |     2 |       |       |       |       ||     2
       Distracted        |       |       |       |       |       |     1 |     1 |     4 |     5 ||    11
       Invisible         |       |       |       |       |       |     1 |       |       |       ||     1
       Held in net/web   |       |       |       |       |       |       |     1 |       |       ||     1
Armor: Chain mail        |    40 |    18 |       |       |       |       |       |       |       ||    58
       Plate armour      |       |    49 |   104 |   145 |   428 |   605 |   555 |   758 |  1196 ||  3840
       Crystal plate arm |       |       |       |       |   129 |       |       |       |       ||   129
Dodge: Dodged            |    31 |    54 |    87 |   155 |   671 |   803 |   735 |   981 |  1904 ||  5421
Block: Other             |       |    33 |     6 |       |       |       |       |       |       ||    39
       Buckler           |       |       |    95 |   112 |   265 |   229 |   262 |   358 |  1044 ||  2365
       Reflection        |       |       |     4 |       |       |       |       |       |       ||     4
       Rpst.: Eudemon blade |       |       |       |       |       |       |       |    28 |   185 ||   213
